Flyers vs Predators

Created - March 16 2012 at 19:37

Goals
1 2 3 T
Flyers 2 0 2 4
Predators 1 1 1 3
Shots
1 2 3 T
Flyers 15 10 9 34
Predators 5 12 6 23

Period #1

1. Predators , Jeff Carter 48 (Mikhail Grabovski) at 9:34
2. Flyers , Chris Pronger 14 (Brendan Morrison, Marc-Andre Bergeron) at 11:22 (PP)
3. Flyers , Andreas Lilja 1 (Niklas Hagman, Mike Santorelli) at 15:33

Penalties :
Francis Bouillon (NSH) for Hooking (Minor) at 2:33, Shea Weber (NSH) for Hooking (Minor) at 10:03, Brent Burns (NSH) for High sticking (Minor) at 10:52, Andreas Lilja (PHI) for Interference (Minor) at 12:59, Max Pacioretty (NSH) for Hooking (Minor) at 19:18

Period #2

4. Predators , Shea Weber 14 (Steven Stamkos, Marian Gaborik) at 5:07 (PP)

Penalties :
Andreas Lilja (PHI) for Goalie Interference (Minor) at 4:23, Rostislav Klesla (PHI) for Unsportsmanlike conduct (Major / Game Misconduct) at 6:04, Francis Bouillon (NSH) for Diving (Minor) at 14:55

Period #3

5. Flyers , Randy Jones 4 (Mike Santorelli, Andreas Lilja) at 7:31
6. Predators , Steven Stamkos 56 (Jeff Carter, Brent Burns) at 9:24
7. Flyers , Andreas Lilja 2 (Ilya Kovalchuk, Nikolai Kulemin) at 18:18

Penalties :
Max Pacioretty (NSH) for Holding (Minor) at 9:31, Shea Weber (NSH) for Roughing (Minor) at 11:51, Shea Weber (NSH) for Hooking (Minor) at 15:40, Jeff Carter (NSH) for Holding (Minor) at 16:12

Goalie Stats

Tomas Vokoun (PHI), 20 saves from 23 shots - (0.870), W, 29-24-8, 60:00 minutes
Pekka Rinne (NSH), 30 saves from 34 shots - (0.882), L, 34-20-4, 59:00 minutes

Players Stats

Flyers
Player Name              G  A  P  +/- PIM S  H  SB FO    MP 
------------------------------------------------------------
Andreas Lilja            2  1  3   2  4   2  2  0  0/0   16 
Brad Boyes               0  0  0   0  0   1  1  0  0/0   4  
Brendan Morrison         0  1  1  -1  0   1  1  0  11/16 21 
Chris Pronger            1  0  1  -1  0   4  0  3  0/0   21 
David Steckel            0  0  0   0  0   1  2  0  3/5   14 
Dustin Penner            0  0  0   1  0   0  2  1  0/0   19 
Ilya Kovalchuk           0  1  1  -1  0   3  0  0  2/3   17 
John Madden              0  0  0   0  0   0  0  1  6/13  11 
Justin Williams          0  0  0   0  0   9  4  0  0/1   21 
Ladislav Smid            0  0  0   0  0   0  2  4  0/0   23 
Marc-Andre Bergeron      0  1  1   0  0   2  0  0  0/0   21 
Matt DAgostini           0  0  0   2  0   1  0  0  0/1   16 
Mike Santorelli          0  2  2   1  0   3  1  0  8/22  17 
Niklas Hagman            0  1  1   2  0   0  0  0  1/3   7  
Nikolai Kulemin          0  1  1  -1  0   3  1  0  1/2   16 
Randy Jones              1  0  1   1  0   1  0  0  0/0   20 
Rostislav Klesla         0  0  0  -1  15  1  0  0  0/0   10 
Tim Connolly             0  0  0   1  0   2  1  0  12/24 19 
Predators
Player Name              G  A  P  +/- PIM S  H  SB FO    MP 
------------------------------------------------------------
Brandon Prust            0  0  0   0  0   0  0  0  0/0   8  
Braydon Coburn           0  0  0   2  0   1  6  2  0/0   21 
Brent Burns              0  1  1   2  2   2  1  2  0/0   21 
Chad LaRose              0  0  0   0  0   0  1  0  1/1   14 
Cody Franson             0  0  0  -2  0   0  1  1  0/0   17 
Francis Bouillon         0  0  0  -2  4   0  4  1  0/0   15 
Jeff Carter              1  1  2   2  2   3  1  0  0/1   20 
Marian Gaborik           0  1  1  -1  0   1  0  0  1/2   13 
Max Pacioretty           0  0  0  -2  4   1  2  0  0/0   10 
Mikhail Grabovski        0  1  1   2  0   2  0  0  9/19  13 
Nicklas Backstrom        0  0  0  -2  0   1  2  0  12/20 18 
Patric Hornqvist         0  0  0  -1  0   1  1  1  0/0   14 
Paul Gaustad             0  0  0  -1  0   1  1  0  9/23  16 
Shea Weber               1  0  1  -1  6   1  5  0  0/0   23 
Steven Stamkos           1  1  2   2  0   8  3  0  8/11  19 
T.J. Galiardi            0  0  0   0  0   0  0  0  6/13  8  
Tomas Kaberle            0  0  0  -1  0   1  0  1  0/0   22 
Wayne Simmonds           0  0  0  -2  0   0  0  0  0/0   10 

3 Stars

1 - Andreas Lilja (PHI)
2 - Steven Stamkos (NSH)
3 - Jeff Carter (NSH)

Power Play

Flyers - 1 on 9 Attempt(s) - 11.11%
Predators - 1 on 3 Attempt(s) - 33.33%

Penalty Kill

Flyers - 2 on 3 Attempt(s) - 66.67% - Score 0 goal in Penalty Kill
Predators - 8 on 9 Attempt(s) - 88.89% - Score 0 goal in Penalty Kill

Game Notes

Brad Boyes is injured at 12:58 of 1st period (Abdominal Strain)
Rostislav Klesla ejected from game at 6:04 of 2nd period

Finance

Level 1 -- Attendance: 6500 (100.00%) -- Ticket Income $520,000.00
Level 2 -- Attendance: 5000 (100.00%) -- Ticket Income $260,000.00
Level 3 -- Attendance: 3305 (94.43%) -- Ticket Income $99,150.00
Level 4 -- Attendance: 1113 (100.00%) -- Ticket Income $22,260.00
Luxury Box -- Attendance: 1000 (100.00%) -- Ticket Income $135,000.00
Game was played at the Bridgestone Arena
Total Attendance: 16918 (98.86%)
Total Ticket Income: $1,136,143.00
Other Income: $221,652.30
Total Income: $1,357,795.00


Play by Play

Period #1

0:01 of 1st period - Brendan Morrison wins face-off versus Marian Gaborik in neutral zone.
0:30 of 1st period - Shot by Ilya Kovalchuk.
0:30 of 1st period - Deflect By Nikolai Kulemin.
0:30 of 1st period - Shot Blocked by Tomas Kaberle.
0:53 of 1st period - Rostislav Klesla is hit by Steven Stamkos and loses puck.
1:12 of 1st period - Shot by Jeff Carter.
1:12 of 1st period - Deflect By Mikhail Grabovski.
1:12 of 1st period - Stopped by Tomas Vokoun without a rebound.
1:13 of 1st period - Steven Stamkos wins face-off versus Matt DAgostini in Flyers zone.
1:34 of 1st period - Icing by Andreas Lilja.
1:35 of 1st period - Paul Gaustad wins face-off versus Mike Santorelli in Flyers zone.
1:48 of 1st period - Tomas Kaberle is hit by Brad Boyes and loses puck.
2:13 of 1st period - Shot by Justin Williams.
2:13 of 1st period - Stopped by Pekka Rinne with a rebound.
2:31 of 1st period - Shot by Tim Connolly.
2:31 of 1st period - Stopped by Pekka Rinne without a rebound.
2:32 of 1st period - John Madden wins face-off versus Steven Stamkos in Predators zone.
2:32 of 1st period - Niklas Hagman is hit by Francis Bouillon.
2:33 of 1st period - Minor Penalty to Francis Bouillon for Hooking.
2:34 of 1st period - Chad LaRose wins face-off versus Brendan Morrison in Predators zone.
2:34 of 1st period - Brent Burns is hit by Nikolai Kulemin and loses puck.
2:45 of 1st period - Shot by Nikolai Kulemin.
2:45 of 1st period - Shot Misses the Net.
2:49 of 1st period - Shot by Ilya Kovalchuk.
2:49 of 1st period - Shot Misses the Net.
2:51 of 1st period - Shot by Ilya Kovalchuk.
2:51 of 1st period - Stopped by Pekka Rinne without a rebound.
2:52 of 1st period - Tim Connolly wins face-off versus Paul Gaustad in Predators zone.
2:55 of 1st period - Shot by Dustin Penner.
2:55 of 1st period - Deflect By Tim Connolly.
2:55 of 1st period - Stopped by Pekka Rinne without a rebound.
2:56 of 1st period - Tim Connolly wins face-off versus Paul Gaustad in Predators zone.
2:57 of 1st period - Shot by Justin Williams.
2:57 of 1st period - Stopped by Pekka Rinne without a rebound.
2:58 of 1st period - Paul Gaustad wins face-off versus Tim Connolly in Predators zone.
3:16 of 1st period - Justin Williams is hit by Brent Burns and loses puck.
3:37 of 1st period - Shot by Rostislav Klesla.
3:37 of 1st period - Stopped by Pekka Rinne without a rebound.
3:38 of 1st period - T.J. Galiardi wins face-off versus Brendan Morrison in Predators zone.
3:51 of 1st period - Shot by Brendan Morrison.
3:51 of 1st period - Stopped by Pekka Rinne without a rebound.
3:52 of 1st period - Brendan Morrison wins face-off versus T.J. Galiardi in Predators zone.
3:57 of 1st period - Shot by Marc-Andre Bergeron.
3:57 of 1st period - Stopped by Pekka Rinne with a rebound.
3:59 of 1st period - Shot by Marc-Andre Bergeron.
3:59 of 1st period - Shot Misses the Net.
4:01 of 1st period - Shot by Nikolai Kulemin.
4:01 of 1st period - Shot Misses the Net.
4:41 of 1st period - Shot by Steven Stamkos.
4:41 of 1st period - Shot Misses the Net.
5:06 of 1st period - Shot by Max Pacioretty.
5:06 of 1st period - Stopped by Tomas Vokoun with a rebound.
5:29 of 1st period - Off-side.
5:30 of 1st period - John Madden wins face-off versus Nicklas Backstrom in neutral zone.
6:06 of 1st period - Off-side.
6:07 of 1st period - Brendan Morrison wins face-off versus Mikhail Grabovski in neutral zone.
6:57 of 1st period - Icing by Braydon Coburn.
6:58 of 1st period - Mikhail Grabovski wins face-off versus Mike Santorelli in Predators zone.
7:26 of 1st period - Shot by Brad Boyes.
7:26 of 1st period - Stopped by Pekka Rinne without a rebound.
7:27 of 1st period - Nicklas Backstrom wins face-off versus Tim Connolly in Predators zone.
8:06 of 1st period - Shot by Patric Hornqvist.
8:06 of 1st period - Deflect By Marian Gaborik.
8:06 of 1st period - Shot Misses the Net.
8:10 of 1st period - Shot by Patric Hornqvist.
8:10 of 1st period - Shot Blocked by Ladislav Smid.
8:33 of 1st period - Icing by Francis Bouillon.
8:34 of 1st period - Paul Gaustad wins face-off versus Mike Santorelli in Predators zone.
8:45 of 1st period - Mike Santorelli is hit by Paul Gaustad and loses puck.
8:58 of 1st period - Cody Franson is hit by Mike Santorelli.
9:22 of 1st period - Shot by Nicklas Backstrom.
9:22 of 1st period - Deflect By Brandon Prust.
9:22 of 1st period - Shot Misses the Net.
9:32 of 1st period - Shot by Nicklas Backstrom.
9:32 of 1st period - Stopped by Tomas Vokoun without a rebound.
9:33 of 1st period - Mikhail Grabovski wins face-off versus Nikolai Kulemin in Flyers zone.
9:34 of 1st period - Shot by Jeff Carter.
9:34 of 1st period - Goal by Jeff Carter - Flyers : 0 - Predators : 1.
9:35 of 1st period - Mikhail Grabovski wins face-off versus Brendan Morrison in neutral zone.
9:38 of 1st period - Shot by Steven Stamkos.
9:38 of 1st period - Shot Blocked by Chris Pronger.
9:51 of 1st period - Shot by Ilya Kovalchuk.
9:51 of 1st period - Shot Blocked by Braydon Coburn.
9:53 of 1st period - Shot by Chris Pronger.
9:53 of 1st period - Stopped by Pekka Rinne without a rebound.
9:54 of 1st period - John Madden wins face-off versus Paul Gaustad in Predators zone.
9:54 of 1st period - John Madden is hit by Shea Weber.
10:03 of 1st period - Minor Penalty to Shea Weber for Hooking.
10:04 of 1st period - T.J. Galiardi wins face-off versus Tim Connolly in Predators zone.
10:35 of 1st period - Shot by Justin Williams.
10:35 of 1st period - Shot Misses the Net.
10:52 of 1st period - Minor Penalty to Brent Burns for High sticking.
10:53 of 1st period - Brendan Morrison wins face-off versus Paul Gaustad in Predators zone.
11:18 of 1st period - Shot by Brendan Morrison.
11:18 of 1st period - Shot Misses the Net.
11:20 of 1st period - Shot by Chris Pronger.
11:20 of 1st period - Shot Blocked by Braydon Coburn.
11:22 of 1st period - Shot by Chris Pronger.
11:22 of 1st period - Goal by Chris Pronger - Flyers : 1 - Predators : 1.
11:23 of 1st period - T.J. Galiardi wins face-off versus Tim Connolly in neutral zone.
11:51 of 1st period - Tim Connolly is hit by Francis Bouillon and loses puck.
12:20 of 1st period - Cody Franson is hit by Brendan Morrison and loses puck.
12:57 of 1st period - Brad Boyes is hit by Nicklas Backstrom and loses puck.
12:58 of 1st period - Brad Boyes from Flyers is injured at 12:58 of 1st period (Abdominal Strain).
12:59 of 1st period - Nicklas Backstrom wins face-off versus David Steckel in Flyers zone.
12:59 of 1st period - Minor Penalty to Andreas Lilja for Interference.
13:00 of 1st period - Nicklas Backstrom wins face-off versus Mike Santorelli in Flyers zone.
14:57 of 1st period - Icing by Brent Burns.
14:58 of 1st period - Mike Santorelli wins face-off versus Nicklas Backstrom in Predators zone.
15:22 of 1st period - Shot by Tim Connolly.
15:22 of 1st period - Shot Blocked by Cody Franson.
15:27 of 1st period - Icing by Cody Franson.
15:28 of 1st period - Mike Santorelli wins face-off versus Paul Gaustad in Predators zone.
15:29 of 1st period - Shot by Niklas Hagman.
15:29 of 1st period - Shot Misses the Net.
15:31 of 1st period - Shot by Niklas Hagman.
15:31 of 1st period - Shot Blocked by Francis Bouillon.
15:33 of 1st period - Shot by Andreas Lilja.
15:33 of 1st period - Goal by Andreas Lilja - Flyers : 2 - Predators : 1.
15:34 of 1st period - Mike Santorelli wins face-off versus Paul Gaustad in neutral zone.
16:36 of 1st period - Shot by Nikolai Kulemin.
16:36 of 1st period - Stopped by Pekka Rinne without a rebound.
16:37 of 1st period - Tim Connolly wins face-off versus Steven Stamkos in Predators zone.
16:48 of 1st period - Ladislav Smid is hit by Max Pacioretty and loses puck.
16:55 of 1st period - Shot by Steven Stamkos.
16:55 of 1st period - Shot Blocked by Dustin Penner.
16:59 of 1st period - Shot by Steven Stamkos.
16:59 of 1st period - Shot Misses the Net.
17:01 of 1st period - Shot by Steven Stamkos.
17:01 of 1st period - Stopped by Tomas Vokoun without a rebound.
17:02 of 1st period - Ilya Kovalchuk wins face-off versus Mikhail Grabovski in Flyers zone.
17:16 of 1st period - Off-side.
17:17 of 1st period - Mikhail Grabovski wins face-off versus John Madden in neutral zone.
17:24 of 1st period - Shot by Steven Stamkos.
17:24 of 1st period - Deflect By Jeff Carter.
17:24 of 1st period - Shot Misses the Net.
19:18 of 1st period - Minor Penalty to Max Pacioretty for Hooking.
19:19 of 1st period - T.J. Galiardi wins face-off versus Tim Connolly in Predators zone.
19:50 of 1st period - Shot by Justin Williams.
19:50 of 1st period - Stopped by Pekka Rinne without a rebound.
19:51 of 1st period - David Steckel wins face-off versus Paul Gaustad in Predators zone.
19:51 of 1st period - David Steckel is hit by Braydon Coburn.
19:53 of 1st period - Shot by Ilya Kovalchuk.
19:53 of 1st period - Stopped by Pekka Rinne without a rebound.
19:54 of 1st period - David Steckel wins face-off versus Paul Gaustad in Predators zone.
19:54 of 1st period - David Steckel is hit by Cody Franson.

Period #2

0:01 of 2nd period - Brendan Morrison wins face-off versus Paul Gaustad in neutral zone.
0:12 of 2nd period - Shot by Ilya Kovalchuk.
0:12 of 2nd period - Shot Misses the Net.
0:14 of 2nd period - Shot by Marc-Andre Bergeron.
0:14 of 2nd period - Stopped by Pekka Rinne without a rebound.
0:15 of 2nd period - Tim Connolly wins face-off versus T.J. Galiardi in Predators zone.
0:31 of 2nd period - Rostislav Klesla is hit by Braydon Coburn and loses puck.
1:00 of 2nd period - Jeff Carter is hit by Justin Williams and loses puck.
1:11 of 2nd period - Shot by Chris Pronger.
1:11 of 2nd period - Shot Misses the Net.
1:13 of 2nd period - Shot by Chris Pronger.
1:13 of 2nd period - Stopped by Pekka Rinne without a rebound.
1:14 of 2nd period - T.J. Galiardi wins face-off versus Brendan Morrison in Predators zone.
1:29 of 2nd period - Shot by Patric Hornqvist.
1:29 of 2nd period - Shot Misses the Net.
1:31 of 2nd period - Shot by Shea Weber.
1:31 of 2nd period - Shot Misses the Net.
1:37 of 2nd period - Shot by Nicklas Backstrom.
1:37 of 2nd period - Shot Hit the Post.
2:21 of 2nd period - Shot by Jeff Carter.
2:21 of 2nd period - Shot Misses the Net.
2:38 of 2nd period - Icing by Brent Burns.
2:39 of 2nd period - Tim Connolly wins face-off versus Jeff Carter in Predators zone.
3:32 of 2nd period - Brandon Prust is hit by Dustin Penner and loses puck.
4:07 of 2nd period - Shot by Nikolai Kulemin.
4:07 of 2nd period - Shot Misses the Net.
4:09 of 2nd period - Shot by Nikolai Kulemin.
4:09 of 2nd period - Shot Misses the Net.
4:13 of 2nd period - Shot by Nikolai Kulemin.
4:13 of 2nd period - Stopped by Pekka Rinne without a rebound.
4:14 of 2nd period - Nicklas Backstrom wins face-off versus Mike Santorelli in Predators zone.
4:14 of 2nd period - Nicklas Backstrom is hit by David Steckel.
4:23 of 2nd period - Minor Penalty to Andreas Lilja for Goalie Interference.
4:24 of 2nd period - Nicklas Backstrom wins face-off versus Mike Santorelli in Flyers zone.
4:32 of 2nd period - Icing by Jeff Carter.
4:33 of 2nd period - John Madden wins face-off versus Nicklas Backstrom in Predators zone.
4:33 of 2nd period - John Madden is hit by Braydon Coburn.
4:38 of 2nd period - John Madden is hit by Braydon Coburn and loses puck.
4:57 of 2nd period - Shot by Brent Burns.
4:57 of 2nd period - Stopped by Tomas Vokoun without a rebound.
4:58 of 2nd period - Marian Gaborik wins face-off versus Mike Santorelli in Flyers zone.
5:03 of 2nd period - Shot by Marian Gaborik.
5:03 of 2nd period - Shot Blocked by Chris Pronger.
5:07 of 2nd period - Shot by Shea Weber.
5:07 of 2nd period - Goal by Shea Weber - Flyers : 2 - Predators : 2.
5:08 of 2nd period - Steven Stamkos wins face-off versus Mike Santorelli in neutral zone.
5:53 of 2nd period - Icing by Chris Pronger.
5:54 of 2nd period - Brendan Morrison wins face-off versus Nicklas Backstrom in Flyers zone.
6:04 of 2nd period - Major / Game Misconduct Penalty to Rostislav Klesla for Unsportsmanlike conduct.
6:04 of 2nd period - Rostislav Klesla is ejected from game.
6:05 of 2nd period - John Madden wins face-off versus Nicklas Backstrom in Flyers zone.
6:20 of 2nd period - Icing by Brent Burns.
6:21 of 2nd period - Nicklas Backstrom wins face-off versus John Madden in Predators zone.
6:28 of 2nd period - Shot by Brent Burns.
6:28 of 2nd period - Stopped by Tomas Vokoun without a rebound.
6:29 of 2nd period - Mike Santorelli wins face-off versus Mikhail Grabovski in Flyers zone.
6:40 of 2nd period - Shot by Steven Stamkos.
6:40 of 2nd period - Stopped by Tomas Vokoun without a rebound.
6:41 of 2nd period - Nicklas Backstrom wins face-off versus John Madden in Flyers zone.
6:51 of 2nd period - Shot by Jeff Carter.
6:51 of 2nd period - Shot Blocked by Ladislav Smid.
6:53 of 2nd period - Shot by Tomas Kaberle.
6:53 of 2nd period - Shot Misses the Net.
6:57 of 2nd period - Shot by Tomas Kaberle.
6:57 of 2nd period - Stopped by Tomas Vokoun without a rebound.
6:58 of 2nd period - Mikhail Grabovski wins face-off versus Mike Santorelli in Flyers zone.
7:03 of 2nd period - Shot by Steven Stamkos.
7:03 of 2nd period - Stopped by Tomas Vokoun without a rebound.
7:04 of 2nd period - Mike Santorelli wins face-off versus Mikhail Grabovski in Flyers zone.
7:13 of 2nd period - Shot by Steven Stamkos.
7:13 of 2nd period - Stopped by Tomas Vokoun without a rebound.
7:14 of 2nd period - Nicklas Backstrom wins face-off versus John Madden in Flyers zone.
8:22 of 2nd period - Icing by Mikhail Grabovski.
8:23 of 2nd period - Mikhail Grabovski wins face-off versus Mike Santorelli in Predators zone.
8:47 of 2nd period - Icing by Steven Stamkos.
8:48 of 2nd period - John Madden wins face-off versus Mikhail Grabovski in Predators zone.
9:30 of 2nd period - Shot by Jeff Carter.
9:30 of 2nd period - Shot Blocked by Ladislav Smid.
9:32 of 2nd period - Shot by Jeff Carter.
9:32 of 2nd period - Stopped by Tomas Vokoun without a rebound.
9:33 of 2nd period - Mike Santorelli wins face-off versus Mikhail Grabovski in Flyers zone.
9:54 of 2nd period - Shot by Marian Gaborik.
9:54 of 2nd period - Shot Misses the Net.
10:52 of 2nd period - John Madden is hit by Jeff Carter and loses puck.
11:21 of 2nd period - Shot by Justin Williams.
11:21 of 2nd period - Stopped by Pekka Rinne without a rebound.
11:22 of 2nd period - Brendan Morrison wins face-off versus Paul Gaustad in Predators zone.
12:13 of 2nd period - Icing by Ilya Kovalchuk.
12:14 of 2nd period - Brendan Morrison wins face-off versus Nicklas Backstrom in Flyers zone.
12:20 of 2nd period - Off-side.
12:21 of 2nd period - Steven Stamkos wins face-off versus John Madden in neutral zone.
12:26 of 2nd period - Randy Jones is hit by Steven Stamkos and loses puck.
12:48 of 2nd period - Shot by Jeff Carter.
12:48 of 2nd period - Shot Misses the Net.
13:18 of 2nd period - Matt DAgostini is hit by Nicklas Backstrom.
13:21 of 2nd period - Icing by Chris Pronger.
13:22 of 2nd period - Paul Gaustad wins face-off versus Mike Santorelli in Flyers zone.
13:39 of 2nd period - Andreas Lilja is hit by Shea Weber and loses puck.
13:48 of 2nd period - Shot by Justin Williams.
13:48 of 2nd period - Stopped by Pekka Rinne with a rebound.
14:16 of 2nd period - Off-side.
14:17 of 2nd period - Steven Stamkos wins face-off versus Tim Connolly in neutral zone.
14:37 of 2nd period - Shot by Steven Stamkos.
14:37 of 2nd period - Stopped by Tomas Vokoun without a rebound.
14:38 of 2nd period - Mikhail Grabovski wins face-off versus Mike Santorelli in Flyers zone.
14:38 of 2nd period - Nicklas Backstrom is hit by Andreas Lilja and loses puck.
14:53 of 2nd period - Shot by Niklas Hagman.
14:53 of 2nd period - Deflect By Mike Santorelli.
14:53 of 2nd period - Stopped by Pekka Rinne without a rebound.
14:54 of 2nd period - Ilya Kovalchuk wins face-off versus Nicklas Backstrom in Predators zone.
14:54 of 2nd period - Ilya Kovalchuk is hit by Francis Bouillon.
14:55 of 2nd period - Minor Penalty to Francis Bouillon for Diving.
14:56 of 2nd period - Tim Connolly wins face-off versus T.J. Galiardi in Predators zone.
14:59 of 2nd period - Shot by Justin Williams.
14:59 of 2nd period - Stopped by Pekka Rinne without a rebound.
15:00 of 2nd period - Paul Gaustad wins face-off versus Tim Connolly in Predators zone.
15:00 of 2nd period - Paul Gaustad is hit by Ladislav Smid.
16:10 of 2nd period - Icing by Chris Pronger.
16:11 of 2nd period - Brendan Morrison wins face-off versus T.J. Galiardi in Flyers zone.
16:11 of 2nd period - Brendan Morrison is hit by Chad LaRose.
16:33 of 2nd period - Jeff Carter is hit by Justin Williams and loses puck.
16:38 of 2nd period - Shot by Justin Williams.
16:38 of 2nd period - Deflect By Tim Connolly.
16:38 of 2nd period - Shot Misses the Net.
17:04 of 2nd period - Shot by Matt DAgostini.
17:04 of 2nd period - Stopped by Pekka Rinne with a rebound.
17:08 of 2nd period - Shot by Mike Santorelli.
17:08 of 2nd period - Stopped by Pekka Rinne without a rebound.
17:09 of 2nd period - Steven Stamkos wins face-off versus John Madden in Predators zone.
17:20 of 2nd period - Brendan Morrison is hit by Steven Stamkos and loses puck.
17:56 of 2nd period - Justin Williams is hit by Shea Weber and loses puck.
18:06 of 2nd period - Icing by Tomas Kaberle.
18:07 of 2nd period - Nicklas Backstrom wins face-off versus Mike Santorelli in Predators zone.
18:28 of 2nd period - Shot by Patric Hornqvist.
18:28 of 2nd period - Shot Misses the Net.
18:40 of 2nd period - Shot by Patric Hornqvist.
18:40 of 2nd period - Stopped by Tomas Vokoun without a rebound.
18:41 of 2nd period - Niklas Hagman wins face-off versus Mikhail Grabovski in Flyers zone.
18:51 of 2nd period - Shot by David Steckel.
18:51 of 2nd period - Shot Misses the Net.
18:53 of 2nd period - Shot by David Steckel.
18:53 of 2nd period - Stopped by Pekka Rinne without a rebound.
18:54 of 2nd period - Mike Santorelli wins face-off versus Mikhail Grabovski in Predators zone.
18:54 of 2nd period - John Madden is hit by Braydon Coburn and loses puck.
18:58 of 2nd period - Icing by Brent Burns.
18:59 of 2nd period - Steven Stamkos wins face-off versus Tim Connolly in Predators zone.
18:59 of 2nd period - Steven Stamkos is hit by Justin Williams.
19:31 of 2nd period - Shot by Steven Stamkos.
19:31 of 2nd period - Stopped by Tomas Vokoun with a rebound.
19:33 of 2nd period - Shot by Steven Stamkos.
19:33 of 2nd period - Shot Misses the Net.
19:45 of 2nd period - Shot by Paul Gaustad.
19:45 of 2nd period - Stopped by Tomas Vokoun with a rebound.

Period #3

0:01 of 3rd period - Nicklas Backstrom wins face-off versus Brendan Morrison in neutral zone.
0:12 of 3rd period - Shot by Patric Hornqvist.
0:12 of 3rd period - Shot Misses the Net.
0:37 of 3rd period - Shot by Patric Hornqvist.
0:37 of 3rd period - Shot Misses the Net.
0:57 of 3rd period - Tim Connolly is hit by Patric Hornqvist and loses puck.
1:49 of 3rd period - Off-side.
1:50 of 3rd period - Mike Santorelli wins face-off versus Steven Stamkos in neutral zone.
2:11 of 3rd period - Andreas Lilja is hit by Max Pacioretty and loses puck.
2:42 of 3rd period - Shea Weber is hit by David Steckel and loses puck.
3:12 of 3rd period - Tomas Kaberle is hit by Andreas Lilja and loses puck.
3:35 of 3rd period - Shot by Mikhail Grabovski.
3:35 of 3rd period - Stopped by Tomas Vokoun without a rebound.
3:36 of 3rd period - Brendan Morrison wins face-off versus Mikhail Grabovski in Flyers zone.
4:25 of 3rd period - Shot by Justin Williams.
4:25 of 3rd period - Stopped by Pekka Rinne without a rebound.
4:26 of 3rd period - Nicklas Backstrom wins face-off versus Tim Connolly in Predators zone.
4:26 of 3rd period - Nicklas Backstrom is hit by Justin Williams.
6:31 of 3rd period - Shot by Jeff Carter.
6:31 of 3rd period - Stopped by Tomas Vokoun without a rebound.
6:32 of 3rd period - Nicklas Backstrom wins face-off versus David Steckel in Flyers zone.
6:39 of 3rd period - Shot by Nicklas Backstrom.
6:39 of 3rd period - Shot Misses the Net.
7:27 of 3rd period - Shot by Mike Santorelli.
7:27 of 3rd period - Stopped by Pekka Rinne with a rebound.
7:29 of 3rd period - Shot by Randy Jones.
7:29 of 3rd period - Shot Misses the Net.
7:31 of 3rd period - Shot by Randy Jones.
7:31 of 3rd period - Goal by Randy Jones - Flyers : 3 - Predators : 2.
7:32 of 3rd period - Mikhail Grabovski wins face-off versus Niklas Hagman in neutral zone.
7:54 of 3rd period - Icing by Chris Pronger.
7:55 of 3rd period - Paul Gaustad wins face-off versus Niklas Hagman in Flyers zone.
8:13 of 3rd period - Icing by Shea Weber.
8:14 of 3rd period - Paul Gaustad wins face-off versus Tim Connolly in Predators zone.
8:14 of 3rd period - Paul Gaustad is hit by Dustin Penner.
8:36 of 3rd period - Shot by Paul Gaustad.
8:36 of 3rd period - Shot Misses the Net.
9:06 of 3rd period - Icing by Dustin Penner.
9:07 of 3rd period - Mikhail Grabovski wins face-off versus Justin Williams in Flyers zone.
9:07 of 3rd period - Jeff Carter is hit by Ladislav Smid and loses puck.
9:24 of 3rd period - Shot by Steven Stamkos.
9:24 of 3rd period - Goal by Steven Stamkos - Flyers : 3 - Predators : 3.
9:25 of 3rd period - Steven Stamkos wins face-off versus Mike Santorelli in neutral zone.
9:31 of 3rd period - Minor Penalty to Max Pacioretty for Holding.
9:32 of 3rd period - T.J. Galiardi wins face-off versus Ilya Kovalchuk in Predators zone.
11:35 of 3rd period - Justin Williams is hit by Shea Weber and loses puck.
11:51 of 3rd period - Minor Penalty to Shea Weber for Roughing.
11:52 of 3rd period - Tim Connolly wins face-off versus T.J. Galiardi in Predators zone.
12:36 of 3rd period - Shot by Chris Pronger.
12:36 of 3rd period - Stopped by Pekka Rinne without a rebound.
12:37 of 3rd period - Nikolai Kulemin wins face-off versus Paul Gaustad in Predators zone.
13:06 of 3rd period - Shot by Braydon Coburn.
13:06 of 3rd period - Stopped by Tomas Vokoun without a rebound.
13:07 of 3rd period - Tim Connolly wins face-off versus T.J. Galiardi in Flyers zone.
13:35 of 3rd period - Shot by Tim Connolly.
13:35 of 3rd period - Shot Blocked by Brent Burns.
14:07 of 3rd period - Shot by Patric Hornqvist.
14:07 of 3rd period - Shot Blocked by John Madden.
14:11 of 3rd period - Shot by Marian Gaborik.
14:11 of 3rd period - Stopped by Tomas Vokoun without a rebound.
14:12 of 3rd period - Steven Stamkos wins face-off versus John Madden in Flyers zone.
14:26 of 3rd period - Shot by Wayne Simmonds.
14:26 of 3rd period - Shot Blocked by Chris Pronger.
14:28 of 3rd period - Shot by Francis Bouillon.
14:28 of 3rd period - Shot Misses the Net.
15:40 of 3rd period - Minor Penalty to Shea Weber for Hooking.
15:41 of 3rd period - Paul Gaustad wins face-off versus Tim Connolly in Predators zone.
15:41 of 3rd period - Paul Gaustad is hit by Tim Connolly.
16:12 of 3rd period - Minor Penalty to Jeff Carter for Holding.
16:13 of 3rd period - Tim Connolly wins face-off versus Paul Gaustad in Predators zone.
16:16 of 3rd period - Shot by Dustin Penner.
16:16 of 3rd period - Shot Misses the Net.
16:18 of 3rd period - Shot by Ladislav Smid.
16:18 of 3rd period - Shot Misses the Net.
16:22 of 3rd period - Shot by Tim Connolly.
16:22 of 3rd period - Shot Misses the Net.
16:24 of 3rd period - Shot by Tim Connolly.
16:24 of 3rd period - Shot Misses the Net.
16:28 of 3rd period - Shot by Justin Williams.
16:28 of 3rd period - Stopped by Pekka Rinne without a rebound.
16:29 of 3rd period - David Steckel wins face-off versus T.J. Galiardi in Predators zone.
16:38 of 3rd period - Shot by Chris Pronger.
16:38 of 3rd period - Shot Misses the Net.
16:50 of 3rd period - Shot by Ilya Kovalchuk.
16:50 of 3rd period - Stopped by Pekka Rinne without a rebound.
16:51 of 3rd period - Paul Gaustad wins face-off versus Tim Connolly in Predators zone.
17:07 of 3rd period - Icing by Randy Jones.
17:08 of 3rd period - Tim Connolly wins face-off versus Paul Gaustad in Flyers zone.
17:23 of 3rd period - Dustin Penner is hit by Braydon Coburn and loses puck.
17:41 of 3rd period - Chris Pronger is hit by Francis Bouillon.
17:49 of 3rd period - Shot by Ilya Kovalchuk.
17:49 of 3rd period - Shot Blocked by Brent Burns.
17:53 of 3rd period - Shot by Ilya Kovalchuk.
17:53 of 3rd period - Deflect By Nikolai Kulemin.
17:53 of 3rd period - Stopped by Pekka Rinne without a rebound.
17:54 of 3rd period - Brendan Morrison wins face-off versus Paul Gaustad in Predators zone.
18:02 of 3rd period - Brendan Morrison is hit by Shea Weber.
18:16 of 3rd period - Shot by Ilya Kovalchuk.
18:16 of 3rd period - Shot Blocked by Patric Hornqvist.
18:18 of 3rd period - Shot by Andreas Lilja.
18:18 of 3rd period - Goal by Andreas Lilja - Flyers : 4 - Predators : 3.
18:19 of 3rd period - Tim Connolly wins face-off versus Mikhail Grabovski in neutral zone.
18:22 of 3rd period - Shot by Justin Williams.
18:22 of 3rd period - Stopped by Pekka Rinne without a rebound.
18:23 of 3rd period - Tim Connolly wins face-off versus Nicklas Backstrom in Predators zone.
19:00 of 3rd period - Predators, Pekka Rinne is pulled from the net.
19:18 of 3rd period - Shot by Steven Stamkos.
19:18 of 3rd period - Stopped by Tomas Vokoun with a rebound.
19:26 of 3rd period - Shot by Steven Stamkos.
19:26 of 3rd period - Shot Blocked by Ladislav Smid.
19:42 of 3rd period - Shot by Jeff Carter.
19:42 of 3rd period - Shot Misses the Net.


Output by the SimonT Hockey Simulator (STHS) for Stephane Roy -- Original Page W3C XHTML 1.0 Valid